 Dungeon Crawl Stone Soup version 0.28.0-53-g5a82cb258f (webtiles) character file.

Game seed: 3083616909295435613

155 Plasmagod the Insei (level 5, -5/40 HPs)
             Began as a Draconian Transmuter on July 9, 2022.
             Killed by an exploding goblin (45 damage)
             ... ignited by their inner flame
             ... on level 2 of the Dungeon.
             The game lasted 00:16:38 (2051 turns).

Plasmagod the Insei (Draconian Transmuter)          Turns: 2051, Time: 00:16:38

Health: -5/40      AC:  5    Str: 12    XL:     5   Next: 14%
Magic:  7/9        EV: 12    Int: 15    God:
Gold:   99         SH:  0    Dex: 12    Spells: 4/9 levels left

rFire   . . .      SeeInvis .     - Unarmed
rCold   . . .      Faith    .   f - orb {*channel}
rNeg    . . .      Spirit   .   (armour unavailable)
rPois   .          Reflect  .   (helmet currently unavailable)
rElec   .          Harm     .   (no cloak)
rCorr   .          Rampage  .   (no gloves)
Will    .....                   (boots currently unavailable)
Stlth   +.........              (no amulet)
HPRegen 0.13/turn               (no ring)
MPRegen 0.11/turn               (no ring)

@: appendages (expiring), wereblooded
A: horns 2, talons 2, AC +5, unfitting armour, cold-blooded
a: End Transformation


You were on level 2 of the Dungeon.
You had temporarily grown beastly horns and talons.
You visited 1 branch of the dungeon, and saw 2 of its levels.

You collected 99 gold pieces.

Inventory:

Missiles
 c - 6 boomerangs
Armour
 f - an orb of energy (worn)
 g - a +0 robe
Jewellery
 d - an amulet of faith
 h - a ring of protection from fire
Scrolls
 e - 2 scrolls of identify
 i - a scroll of teleportation


   Skills:
 + Level 1.2 Fighting
 + Level 2.0 Dodging
 + Level 0.9 Stealth
 + Level 4.8 Unarmed Combat
 + Level 2.9 Spellcasting
 + Level 2.3 Transmutations


You had 4 spell levels left.
You knew the following spells:

 Your Spells              Type           Power      Damage    Failure   Level
a - Beastly Appendage     Tmut           18%        N/A       8%          1
b - Wereblood             Tmut           9%         N/A       12%         2
c - Blink                 Tloc           4%         N/A       30%         2

Your spell library contained the following spells:

 Spells                   Type           Power      Damage    Failure   Level
 Spider Form              Tmut/Pois      5%         N/A       36%         3
 Lesser Beckoning         Tloc           2%         N/A       52%         3
 Ice Form                 Ice/Tmut       5%         N/A       77%         4
 Manifold Assault         Tloc           2%         N/A       99%         5


Dungeon Overview and Level Annotations

Branches:
Dungeon (2/15)

Altars:

Annotations:
D:2 Robin


Innate Abilities, Weirdness & Mutations

You have temporarily grown beastly horns and talons.
Your plain brown scales are hard. (AC +5)
You cannot fit into any form of body armour.
You are cold-blooded and may be slowed by cold attacks.


Message History

A hobgoblin and a goblin come into view.
Casting: Beastly Appendage (safe; 8% risk of failure)
Confirm with . or Enter, or press ? or * to list all spells.
Okay, then.
Casting: Beastly Appendage (safe; 8% risk of failure)
Press: ? - help, Q - select action, (/) - cycle Dir - look around, f - activate You grow a pair of large bovine horns.
Your feet morph into talons.
A hobgoblin and 4 goblins come into view.
Found 13 stones.
The goblin shouts!
You hear a shout!
A goblin comes into view. It is wielding a +0 dagger.
You hear a shout!
The goblin shouts!
The hobgoblin shouts!
You hear a shout! x2
The goblin shouts! x3
You barely miss the hobgoblin.
The goblin shouts!
You claw the hobgoblin.
You kill the hobgoblin!
You hear a shout!
Casting: Beastly Appendage (safe; 8% risk of failure)
Confirm with . or Enter, or press ? or * to list all spells.
Your blood is infused with primal strength.
Robin of the Strong Arm comes into view.
They are wielding a +0 dagger.
Really read the scroll of immolation?
Uppercase [Y]es or [N]o only, please.
Really read the scroll of immolation?
As you read the scroll of immolation, it crumbles to dust.
The creatures around you are filled with an inner flame!
Robin throws the goblin at you!
A hobgoblin comes into view.
Your transformation is almost over.
You barely miss the goblin. The goblin closely misses you.
Press: ? - help, v - describe, . - travel A rock wall.
You hit the goblin.
You kill the goblin!
You hit the goblin.
Flame seeps out of the goblin.
You claw the goblin.
The goblin explodes!
The fiery explosion engulfs you!!!
Ouch! That really hurt!
You die... #.#.#.#.### ..........# ...## #.#.#.#...# g..# ..........# g... #.#.#.#...# g.# .>........# gg#

#.#.#.##### #.#
#.##### ####.#
#.## #.@○g# ...#
########.####
##.# #........#
#.#####.#####..#
#..........##..#
#######.##.....#
#.#####.##
#.#####.#
#.......#


You could see a hobgoblin (inner flame).

Vanquished Creatures
  An orc priest (D:2)
  5 adders (D:2)
  A dart slug (D:2)
  A worm (D:2)
  4 orcs (D:2)
  5 ball pythons
  7 endoplasms
  7 goblins
  10 hobgoblins
  8 jackals (D:1)
  5 quokkas
  5 bats
  2 frilled lizards
  3 kobolds
  2 rats
  A spectral goblin (D:1)
67 creatures vanquished.

Notes
Turn   | Place    | Note
-------+----------+-------------------------------------------
     0 | D:1      | Plasmagod the Draconian Transmuter began the quest for the
                  | Orb.
     0 | D:1      | Reached XP level 1. HP: 16/16 MP: 3/3
   196 | D:1      | Reached XP level 2. HP: 21/23 MP: 5/5
   199 | D:1      | Learned a level 2 spell: Wereblood
   452 | D:1      | Identified a scroll of acquirement
   452 | D:1      | Acquired a book of Spatial Translocations
   457 | D:1      | Learned a level 2 spell: Blink
   577 | D:1      | Found a faded altar of an unknown god.
   646 | D:1      | Reached XP level 3. HP: 28/28 MP: 6/6
   860 | D:1      | Reached skill level 4 in Unarmed Combat
  1712 | D:2      | Reached XP level 4. HP: 22/35 MP: 7/7
  1824 | D:2      | Reached XP level 5. HP: 36/40 MP: 6/9
  2045 | D:2      | Noticed Robin
  2051 | D:2      | Killed by an exploding goblin... ignited by their inner
                  | flame

Illustrated notes

Levels and vault maps discovered:
D:1:      lemuel_arrival_tunnels, layout_loops_ring, serial_rivers,
          chequers_serial_rivers_marsh, chequers_serial_rivers_micro_d,
          chequers_serial_rivers_room_a, chequers_serial_rivers_large_a,
          chequers_serial_rivers_micro_d,
          dreamdust_ecumenical_altar_drowned_temple, st_stairs_8,
          grunt_decor_cap, hangedman_decor_opposing, dk_noncrumbling_3,
          roderic_serpentine_path
D:2:      layout_loops_cross, st_stairs_9, minmay_randomly_rotated_circles,
          uniq_sigmund, uniq_robin

Skill      XL: |  1  2  3 |
---------------+----------+-----
Dodging        | 2 |  2.0
Unarmed Combat | 4 |  4.8
Fighting       | |  1.2
Stealth        | |  0.9
Spellcasting   | |  2.9
Transmutations | |  2.3

Action                   |  1- 3 |  4- 6 || total
-------------------------+-------+-------++-------
Melee: Unarmed           |   152 |    47 ||   199
       Kick              |     7 |     8 ||    15
       Tailslap          |    15 |    10 ||    25
       Headbutt          |     3 |     4 ||     7
       Punch             |     2 |       ||     2
 Cast: Beastly Appendage |     6 |     5 ||    11
       Wereblood         |     2 |     3 ||     5
       Blink             |     1 |       ||     1
  Use: Scroll            |     2 |     2 ||     4
       Potion            |       |     2 ||     2
 Stab: Sleeping          |     1 |     1 ||     2
Armor: Skin              |    53 |     7 ||    60
Dodge: Dodged            |    79 |    25 ||   104
